 Dungeon Crawl Stone Soup version 0.29.1-13-g9f3cf754e1 (webtiles) character file.

Game seed: 107121744339593489

312 Descartes the Shield-Bearer (level 6, -5/48 HPs)
             Began as a Formicid Fighter on Jan 21, 2023.
             Killed by divine providence
             ... invoked by an orc priest
              (15 damage)
             ... on level 3 of the Dungeon.
             The game lasted 00:06:00 (2614 turns).

Descartes the Shield-Bearer (Formicid Fighter)      Turns: 2614, Time: 00:06:00

Health: -5/48      AC:  9    Str: 22    XL:     6   Next: 71%
Magic:  8/8        EV:  7    Int:  8    God:
Gold:   160        SH:  5    Dex: 15    Spells: 8/8 levels left

rFire   . . .      SeeInvis +   r - +3 dagger "Neomaukk" {pain, Dex+2}
rCold   . . .      Faith    .   c - +0 buckler
rNeg    . . .      Spirit   .   q - +0 chain mail
rPois   .          Reflect  .   (helmet unavailable)
rElec   .          Harm     .   (no cloak)
rCorr   .          Rampage  .   (no gloves)
Will    .....                   (no boots)
Stlth   ..........              (no amulet)
HPRegen 0.16/turn               (no ring)
MPRegen 0.11/turn               (no ring)

@: no status effects
A: permanent stasis, dig shafts and tunnels, antennae 3, four strong arms
a: Dig, Shaft Self


You were on level 3 of the Dungeon.
You visited 1 branch of the dungeon, and saw 3 of its levels.

You collected 160 gold pieces.

Inventory:

Hand Weapons
 a - a +0 war axe
 r - the +3 dagger "Neomaukk" (weapon) {pain, Dex+2}
   (You found it on level 2 of the Dungeon)

   In the hands of one skilled in necromantic magic, it inflicts extra damage on
   living creatures.
   Dex:       It affects your dexterity (+2).
 v - a +3 spear
Missiles
 g - 2 poisoned darts
 w - a throwing net
Armour
 b - a +0 scale mail
 c - a +0 buckler (worn)
 q - a +0 chain mail (worn)
Scrolls
 f - a scroll of enchant armour {unknown}
 i - a scroll of silence {unknown}
 k - 2 scrolls of noise {unknown}
 l - 2 scrolls of enchant weapon {unknown}
 m - 2 scrolls of identify {unknown}
 n - a scroll of teleportation {unknown}
 p - a scroll of amnesia {unknown}
 s - a scroll of poison {unknown}
Potions
 d - a potion of might
 e - 3 potions of haste {unknown}
 h - a potion of attraction {unknown}
 j - a potion of magic {unknown}
 o - a potion of lignification {unknown}
 t - a potion of invisibility {unknown}
 u - a potion of mutation {unknown}


   Skills:
 + Level 3.9 Fighting
 + Level 0.2 Short Blades
 * Level 3.8 Axes
 + Level 4.0 Armour
 * Level 5.5 Shields
 + Level 1.5 Spellcasting
 + Level 1.5 Translocations
 + Level 1.9 Poison Magic


You had 8 spell levels left.
You didn't know any spells.
Your spell library contained the following spells:

 Spells                   Type           Power      Damage    Failure   Level
 Dazzling Flash           Conj/Hex       0%         N/A       100%        3
 Summon Guardian Golem    Hex/Summ       0%         N/A       100%        3
 Iskenderun's Mystic Bla  Conj/Tloc      1%         2d3       100%        4
 Olgreb's Toxic Radiance  Pois           3%         N/A       100%        4
 Starburst                Conj/Fire      0%         6d3       100%        6
 Orb of Destruction       Conj           0%         9d5       100%        7
 Ozocubu's Refrigeration  Ice            0%         4d7       100%        7
 Spellforged Servitor     Conj/Summ      0%         N/A       100%        7
 Ignition                 Fire           0%         3d3       100%        8


Dungeon Overview and Level Annotations

Branches:
Dungeon (3/15)

Altars:


Innate Abilities, Weirdness & Mutations

You cannot be hasted, slowed, berserked, paralysed or teleported.
You can dig through walls and to a lower floor.
You have a pair of large antennae on your head. (SInv)
Your four strong arms can wield two-handed weapons with a shield.


Message History

You hit the orc.
The orc is severely wounded.
The orc hits you but does no damage. The orc hits you with a +0 flail.
You hit the orc.
You kill the orc!
The orc priest invokes the aid of Beogh against you.
Pain shoots through your body!
You hit the orc.
The orc is almost dead.
The orc hits you with a +0 dagger.
You hit the orc priest but do no damage.
You block the orc priest's attack.
Unknown command.
Unknown command.
You hit the orc priest.
The orc priest is lightly wounded.
The orc priest hits you but does no damage.
You closely miss the orc priest.
The orc priest is lightly wounded.
The orc priest calls down the wrath of Beogh upon you.
Beogh smites you!
You hit the orc priest.
The orc priest is moderately wounded.
The orc priest hits you with a +0 hand axe.
* * * LOW HITPOINT WARNING * * *
The orc barely misses you.
You hit the orc priest.
The orc priest is heavily wounded.
The orc priest miscasts a cantrip.
The orc hits you with a +0 dagger.
* * * LOW HITPOINT WARNING * * *
You hit the orc priest.
The orc priest is severely wounded.
The orc priest barely misses you. The orc hits you but does no damage.
You hit the orc priest.
The orc priest is almost dead.
You block the orc's attack.
The orc priest mumbles some strange prayers to Beogh against you.
Beogh smites you!
You die...

#.#...#........#
#.....#..).....#
###...#........#
###)#........+ #
#.#........# .#
#.##########...
#..............
###....###.....).
#...)..@o')......
#.......o#.......
#..#.#...##......
#..#.....# #....>
#..#>##..# #...#
#..#.##..# #'##
#..#)##..# #.#
#........# #.#
####.##### ##.##


You could see an orc priest and an orc.

Vanquished Creatures
  Sigmund (D:2)
  4 gnolls
  3 adders
  A worm (D:2)
  A dart slug (D:2)
  6 orcs
  9 ball pythons
  11 endoplasms
  5 goblins
  5 hobgoblins
  4 jackals (D:2)
  3 quokkas (D:1)
  6 bats
  5 frilled lizards
  4 kobolds
  7 rats
75 creatures vanquished.

Notes
Turn   | Place    | Note
-------+----------+-------------------------------------------
     0 | D:1      | Descartes the Formicid Fighter began the quest for the Orb.
     0 | D:1      | Reached XP level 1. HP: 18/18 MP: 1/1
    48 | D:1      | Reached XP level 2. HP: 13/24 MP: 2/2
   208 | D:1      | Found a faded altar of an unknown god.
   264 | D:1      | Reached XP level 3. HP: 26/29 MP: 3/3
   839 | D:2      | Noticed Sigmund
   976 | D:2      | Reached XP level 4. HP: 26/35 MP: 4/4
  1247 | D:2      | Killed Sigmund
  1248 | D:2      | Reached skill level 5 in Shields
  1248 | D:2      | Reached skill level 1 in Spellcasting
  1248 | D:2      | Reached skill level 1 in Translocations
  1248 | D:2      | Reached skill level 1 in Poison Magic
  1248 | D:2      | Reached XP level 5. HP: 29/42 MP: 4/7
  1248 | D:2      | Reached XP level 6. HP: 34/48 MP: 4/8
  1364 | D:2      | Identified the +3 dagger "Neomaukk" {pain, Dex+2}
  2614 | D:3      | Killed from afar by an orc priest

Illustrated notes

Levels and vault maps discovered:
D:1:      reono_arrival_mine, layout_rooms,
          shapermc_ecumenical_altar_starsandcircs, minmay_unequal
D:2:      layout_rooms, grunt_decor_arrowhead, uniq_sigmund
D:3:      minmay_recursive_quarters, layout_loops_corners, grunt_ministairs_15,
          minivault_25, grunt_decor_resistance, nrook_campfire

Skill      XL: |  1  2  3  4  5  6 |
---------------+-------------------+-----
Axes           | 3 |  3.8
Shields        | 5 |  5.5
Spellcasting   | 1 |  1.5
Translocations | 1 |  1.5
Poison Magic   | 1 |  1.9
Armour         | 4 |  4.0
Fighting       | |  3.9
Short Blades   | |  0.2

Action                   |  1- 3 |  4- 6 || total
-------------------------+-------+-------++-------
Melee: War axe           |   102 |    46 ||   148
       Dagger            |       |    84 ||    84
  Use: Potion            |       |     1 ||     1
Armor: Scale mail        |    57 |     2 ||    59
       Chain mail        |       |    56 ||    56
Dodge: Dodged            |    50 |    57 ||   107
Block: Buckler           |    35 |    46 ||    81
